[Event "Team 45 45 League T40"]
[Site "Internet Chess Club"]
[Date "2009.02.20"]
[Round "4"]
[White "rayonline53"]
[Black "RD1974"]
[Result "1-0"]
[WhiteElo "1567"]
[BlackElo "1596"]
[Opening "French: Frere (Becker) variation"]
[ECO "C03"]
[Time "18:03:14"]
[TimeControl "2700+45"]

1. e4 d5 2. d4 e6 3. Nd2 dxe4 4. Nxe4 Qd5 5. Nc3 Bb4 6. Ne2 Nf6 7. a3 Bxc3+ 8.
Nxc3 Qd8 9. Be2 O-O 10. Be3 c6 11. Qd2 Nd5 12. Nxd5 cxd5 13. O-O Nd7 14. f4 Nf6
15. Bf3 Bd7 16. Kh1 Qc7 17. Rg1 Rfc8 18. c3 Ne4 19. Bxe4 dxe4 20. g4 Qc4 21. Rg3
Bb5 22. Rag1 Rd8 23. h4 Rd7 24. Qf2 Qe2 25. Kh2 a5 26. R1g2 Qc4 27. Rg1 Rd5 28.
g5 g6 29. Qg2 Be8 30. Qxe4 Bc6 31. Qc2 Ba4 32. Qf2 b5 33. Qf1 Qc7 34. Rh3 b4 35.
c4 Rf5 36. h5 bxa3 37. bxa3 Rb8 38. hxg6 Rb2+ 39. Rg2 Rxg2+ 40. Kxg2 fxg6 41.
Kg1 Bb3 42. c5 Bd5 43. Qb5 Rf8 44. Bd2 Ra8 45. Rh2 Bc6 46. Qe2 Qd7 47. Qe5 Bd5
48. Bc3 a4 49. Rb2 Bb3 50. Rxb3 axb3 51. d5 Qxd5 52. Qg7# {Black checkmated} 1-0

[Event "Team 45 45 League T40"]
[Site "Internet Chess Club"]
[Date "2009.02.22"]
[Round "4"]
[White "dondel"]
[Black "SeniorCitizen"]
[Result "1/2-1/2"]
[WhiteElo "1361"]
[BlackElo "1368"]
[Opening "Queen's gambit declined"]
[ECO "D30"]
[Time "16:00:13"]
[TimeControl "2700+45"]

1. d4 d5 2. c4 e6 3. Nf3 Nf6 4. e3 Nbd7 5. Nc3 g6 6. Be2 Bg7 7. b4 O-O 8. c5 c6
9. O-O b6 10. a4 a5 11. b5 Bb7 12. Ba3 Re8 13. Qc2 Bf8 14. cxb6 Nxb6 15. Bxf8
Rxf8 16. bxc6 Bxc6 17. Ne5 Be8 18. Rfc1 Nbd7 19. Nxd7 Bxd7 20. e4 dxe4 21. Nxe4
Rc8 22. Qd3 Rxc1+ 23. Rxc1 Nxe4 24. Qxe4 Qa8 25. Qxa8 Rxa8 26. Ra1 Rb8 27. f4
Rb4 28. Bb5 Bxb5 29. axb5 Rxb5 30. Kf2 Kg7 31. g4 Rd5 32. Ke3 f5 33. h3 fxg4 34.
hxg4 Kf6 35. Ke4 Rb5 36. g5+ Kg7 37. Kd3 h6 38. gxh6+ Kxh6 39. Rh1+ Kg7 40. Kc3
Rd5 41. Rb1 Kf6 42. Kc4 Kf5 43. Rf1 Rd8 44. Kb5 Ra8 45. Ka4 g5 46. fxg5+ Kxg5
47. Rd1 Rd8 48. Kxa5 Kf6 49. Kb5 Ke7 50. Kc4 Rc8+ 51. Kd3 Kd6 52. Ke4 Rc4 53.
Kd3 Kd5 54. Ke3 Rc3+ 55. Rd3 Rc1 56. Rd2 Rh1 57. Rd3 Rh4 58. Rd2 Re4+ 59. Kf3
Rxd4 60. Rxd4+ Kxd4 61. Kf4 e5+ 62. Kf3 Kd3 63. Kf2 e4 64. Ke1 e3 65. Kd1 Ke4
66. Ke2 Kf4 67. Ke1 Kf3 68. Kf1 {Game drawn by mutual agreement} 1/2-1/2

[Event "Team 45 45 League T40"]
[Site "Internet Chess Club"]
[Date "2009.02.22"]
[Round "4"]
[White "quaksterjohny"]
[Black "achessfool"]
[Result "1-0"]
[WhiteElo "1493"]
[BlackElo "1440"]
[Opening "French: advance, Paulsen attack"]
[ECO "C02"]
[Time "21:00:12"]
[TimeControl "2700+45"]

1. e4 e6 2. d4 d5 3. e5 c5 4. c3 Nc6 5. Nf3 Qb6 6. a3 c4 7. Be2 Nge7 8. Nbd2 Nf5
9. Nf1 Be7 10. Ng3 Nh4 11. O-O Nxf3+ 12. Bxf3 Bd7 13. Ra2 Na5 14. Nh5 Rg8 15.
Qc2 Qb3 16. Qxh7 O-O-O 17. Ra1 g6 18. Qxf7 gxh5 19. Qxe7 Rh8 20. Qc5+ Nc6 21.
Bd1 b6 22. Qd6 Qb5 23. a4 Qa6 24. Bg5 Rdg8 25. Bf6 Rh7 26. Bc2 Rh6 27. f4 h4 28.
f5 exf5 29. Bxf5 Qb7 30. Bxd7+ Qxd7 31. Qxd7+ Kxd7 32. Rae1 Ke6 33. Rf4 Rhg6 34.
Bxh4 Rxg2+ 35. Kh1 Rxb2 36. Rf6+ Kd7 37. e6+ Ke8 38. Rf7 Rh8 39. Bg3 Ne7 40. Bd6
Nc8 41. Be5 Rh6 42. Rf6 Rh7 43. Bf4 Ke7 44. Bg5 Rbxh2+ 45. Kg1 Rh1+ 46. Kf2
R7h2+ 47. Kg3 Ke8 48. Ref1 Rh3+ 49. Kg4 Rxf1 50. Kxh3 Rxf6 51. Bxf6 Nd6 52. Kg4
Ne4 53. Kf5 Nxc3 54. Ke5 Ne4 55. Bg7 Nc3 56. Kd6 Nxa4 57. Kxd5 b5 58. Kc6 Nc3
59. d5 Nxd5 60. Kxd5 Ke7 61. Bc3 a6 62. Bb4+ Ke8 63. Kd6 Kd8 64. Ba5+ Ke8 65. e7
c3 66. Bxc3 b4 67. Bxb4 a5 68. Bxa5 Kf7 69. Kd7 Kf6 70. e8=Q Kf5 71. Bd2 Kf6 72.
Qe6+ Kg7 73. Bc3+ Kh7 74. Qf6 Kg8 75. Qg7# {Black checkmated} 1-0

[Event "Team 45 45 League T40"]
[Site "Internet Chess Club"]
[Date "2009.02.20"]
[Round "4"]
[White "BishopMike"]
[Black "Zappy"]
[Result "0-1"]
[WhiteElo "1402"]
[BlackElo "1455"]
[Opening "Danish gambit"]
[ECO "C21"]
[Time "20:01:50"]
[TimeControl "2700+45"]

1. e4 e5 2. d4 exd4 3. c3 dxc3 4. Bc4 cxb2 5. Bxb2 Nc6 6. Nf3 Nf6 7. e5 Bb4+ 8.
Nbd2 Ng8 9. O-O Nge7 10. Ng5 O-O 11. Ndf3 h6 12. Ne4 Ng6 13. Qb3 Ba5 14. Rad1
Qe7 15. Rd5 Bb6 16. Rd4 Bxd4 17. Nxd4 Nxd4 18. Bxd4 Nxe5 19. Qg3 d6 20. Bb3 Bf5
21. Nc3 c5 22. Nd5 Qg5 23. Bb2 Bd7 24. Qxg5 hxg5 25. Ne7+ Kh8 26. f4 c4 27. Bc2
Nd3 28. Bc3 Nxf4 29. Bd1 Rfe8 30. Re1 a5 31. Bd2 Bc6 32. Bxf4 gxf4 33. Rf1 Rxe7
34. Bc2 Re2 {White resigns} 0-1

[Event "Team 45 45 League T40"]
[Site "Internet Chess Club"]
[Date "2009.02.21"]
[Round "4"]
[White "check-man"]
[Black "TheronUAL"]
[Result "1/2-1/2"]
[WhiteElo "1500"]
[BlackElo "1429"]
[Opening "Caro-Kann: exchange variation"]
[ECO "B13"]
[Time "15:00:09"]
[TimeControl "2700+45"]

1. e4 c6 2. d4 d5 3. exd5 cxd5 4. Nf3 Nf6 5. c4 e6 6. Be2 Be7 7. O-O O-O 8. Nc3
Bd7 9. cxd5 exd5 10. Ne5 Nc6 11. Nxd7 Qxd7 12. Bf3 Bb4 13. Bf4 Bxc3 14. bxc3 Na5
15. Re1 Rfe8 16. Qc2 Nc4 17. Qb3 b5 18. Rab1 a6 19. Be2 Re4 20. Be3 Rxe3 21.
fxe3 Nd2 22. Qc2 Nxb1 23. Rxb1 Qe7 24. Qd3 Re8 25. Kf2 Ne4+ 26. Kg1 Qc7 27. Rb3
Re6 28. Bf3 Rh6 29. h3 Rxh3 30. gxh3 Qg3+ 31. Bg2 Qf2+ 32. Kh2 Qg3+ 33. Kg1 Qf2+
34. Kh2 Qg3+ {Game drawn by mutual agreement} 1/2-1/2

[Event "Team 45 45 League T40"]
[Site "Internet Chess Club"]
[Date "2009.02.21"]
[Round "4"]
[White "Ivio"]
[Black "C-Jones"]
[Result "0-1"]
[WhiteElo "1766"]
[BlackElo "1641"]
[Opening "QGD Slav: 4.Nc3"]
[ECO "D15"]
[Time "10:05:31"]
[TimeControl "2700+45"]

1. d4 d5 2. c4 c6 3. Nf3 Nf6 4. Nc3 Nbd7 5. e3 Qc7 6. Qb3 e6 7. Bd2 Be7 8. Rc1
Qb6 9. Qxb6 Nxb6 10. cxd5 Nbxd5 11. Bd3 O-O 12. O-O Bd7 13. Ne5 Rac8 14. Nxd7
Nxd7 15. e4 Nxc3 16. Bxc3 Nf6 17. b4 Rfd8 18. Bd2 Rxd4 19. e5 Rxd3 20. exf6 Rxd2
21. fxe7 f6 22. Rcd1 Rd5 23. Rfe1 Kf7 24. Rxd5 cxd5 25. f4 Kxe7 26. f5 e5 27.
Re2 Rc4 28. a3 Rf4 29. Rc2 Rc4 30. Rd2 d4 31. Kf2 Rc3 32. Ra2 Kd6 33. Ke2 Kd5
34. a4 Ke4 35. Kd1 Kxf5 36. g4+ Ke6 37. h4 e4 38. Rf2 Ke5 39. Rf5+ Ke6 40. Rf4
Re3 41. h5 g6 42. Rf1 Rc3 43. Rh1 Rc7 44. hxg6 hxg6 45. Rh6 g5 46. Rh2 Rc4 47.
Rb2 d3 48. Kd2 Rc2+ 49. Rxc2 dxc2 50. Kxc2 Ke5 51. Kd2 Kf4 52. Ke2 Kxg4 53. Ke3
{White resigns} 0-1

[Event "Team 45 45 League T40"]
[Site "Internet Chess Club"]
[Date "2009.02.21"]
[Round "4"]
[White "BotanicalKnight"]
[Black "SATELLITE-DAN"]
[Result "0-1"]
[WhiteElo "1572"]
[BlackElo "1586"]
[Opening "Bishop's opening: Berlin defense"]
[ECO "C24"]
[Time "22:00:07"]
[TimeControl "2700+45"]

1. e4 e5 2. Bc4 Nf6 3. d3 Bc5 4. Nc3 O-O 5. f4 b5 6. Bxb5 c6 7. fxe5 cxb5 8.
exf6 Qxf6 9. Qf3 Qd8 10. Nge2 d6 11. d4 Bb6 12. O-O Nc6 13. Be3 Be6 14. Nxb5 Qd7
15. Nbc3 Bg4 16. Qg3 Rae8 17. Rf4 f5 18. Raf1 g5 19. Rxg4 fxg4 20. Bxg5 Nxd4 21.
Nxd4 Bxd4+ 22. Be3 Rxf1+ 23. Kxf1 Be5 24. Qh4 Rf8+ 25. Ke1 Qg7 26. Bh6 Bxc3+ 27.
Kd1 Qd4+ 28. Ke2 {White resigns} 0-1

[Event "Team 45 45 League T40"]
[Site "Internet Chess Club"]
[Date "2009.02.23"]
[Round "4"]
[White "Tjet"]
[Black "noblitz-oblige"]
[Result "0-1"]
[WhiteElo "1515"]
[BlackElo "1617"]
[Opening "Queen's pawn game"]
[ECO "D02"]
[Time "22:01:41"]
[TimeControl "2700+45"]

1. Nf3 d5 2. d4 e6 3. g3 c5 4. c3 h6 5. Bg2 Nc6 6. O-O Nf6 7. Re1 Bd6 8. dxc5
Bxc5 9. b4 Bb6 10. Bb2 Ne4 11. e3 O-O 12. Nbd2 Nd6 13. a3 Bd7 14. Qc2 Rc8 15.
Rac1 Ne7 16. Qd1 Ng6 17. a4 a5 18. b5 Nc4 19. Nxc4 dxc4 20. Re2 Qe7 21. Rd2 Rfd8
22. Ra1 Bc5 23. Bf1 e5 24. Bg2 Bg4 25. Rxd8+ Rxd8 26. Qe1 e4 27. Nd4 Bxd4 28.
cxd4 b6 29. Qc3 Be2 30. d5 f5 31. Qd4 Qc7 32. Ba3 Qe5 33. Qxe5 Nxe5 34. d6 Nf7
35. Bf1 Bd3 36. Bxd3 exd3 37. Kf1 Nxd6 38. Bxd6 Rxd6 39. Ke1 c3 40. Kd1 Kf7 41.
h4 Ke6 42. Ra3 c2+ 43. Kd2 Ke5 44. f3 g5 45. Rc3 g4 46. fxg4 fxg4 47. Rc4 Rd5
48. Rxg4 Rc5 49. Kc1 d2+ {White resigns} 0-1

[Event "Team 45 45 League T40"]
[Site "Internet Chess Club"]
[Date "2009.02.21"]
[Round "4"]
[White "PostMike"]
[Black "alaskauk"]
[Result "1-0"]
[WhiteElo "1562"]
[BlackElo "1501"]
[Opening "French: exchange variation"]
[ECO "C01"]
[Time "10:00:20"]
[TimeControl "2700+45"]

1. e4 e6 2. d4 d5 3. exd5 exd5 4. Nf3 Nf6 5. Bg5 Be7 6. Nbd2 O-O 7. Bd3 Bg4 8.
O-O c6 9. Re1 Nbd7 10. c3 Re8 11. Qc2 Nf8 12. Ne5 Qc7 13. Re3 Bd6 14. Rae1 Be6
15. Bxf6 gxf6 16. Nef3 Re7 17. h3 Rae8 18. Nh4 Ng6 19. Ndf3 Bf4 20. R3e2 Bd6 21.
Nf5 Bxf5 22. Bxf5 Rxe2 23. Rxe2 Rxe2 24. Qxe2 Qe7 25. Qxe7 Nxe7 26. Bd3 Bf4 27.
b3 h6 28. Kf1 Bc7 29. Ke2 Ba5 30. b4 Bc7 31. g3 b5 32. Nh4 Kf8 33. Kf3 Bb8 34.
Kg4 Bc7 35. Bf5 Bd8 36. Bd7 c5 37. dxc5 Bc7 38. f4 Ng8 39. Bxb5 Ke7 40. Kf5 h5
41. Ng6+ fxg6+ 42. Kxg6 Bb8 43. Kg7 h4 44. g4 Nh6 45. Kxh6 Bxf4+ 46. Kh5 Bd2 47.
Bd3 Bxc3 48. b5 Bd4 49. c6 Kd6 50. Kxh4 Bb6 51. Kg3 Bc7 52. h4 Ke7+ 53. Kf3 Bb6
54. g5 fxg5 55. hxg5 Kf7 56. Kg4 Bc7 57. Kf5 Bd6 58. g6+ Kg7 59. Ke6 {Black
resigns} 1-0

[Event "Team 45 45 League T40"]
[Site "Internet Chess Club"]
[Date "2009.02.22"]
[Round "4"]
[White "Ghashgork"]
[Black "wbanks"]
[Result "1-0"]
[WhiteElo "1728"]
[BlackElo "1568"]
[Opening "Bird's opening: Lasker variation"]
[ECO "A03"]
[Time "10:00:18"]
[TimeControl "2700+45"]

1. f4 d5 2. Nf3 Nf6 3. e3 c5 4. Bb5+ Bd7 5. Bxd7+ Qxd7 6. b3 e6 7. Bb2 Be7 8.
O-O O-O 9. d3 Nc6 10. Nbd2 Rfd8 11. Qe1 Nb4 12. Qd1 Qc7 13. a3 Nc6 14. Ne5 b5
15. Ndf3 c4 16. Nxf7 Kxf7 17. Ng5+ Kg8 18. Nxe6 Qb6 19. Rf3 Rd6 20. f5 Kf7 21.
Rg3 Rg8 22. Rc1 h6 23. Qf3 a6 24. Nf4 Rd7 25. Bxf6 Bxf6 26. Nxd5 Ne5 27. Qh5+
{Black resigns} 1-0

[Event "Team 45 45 League T40"]
[Site "Internet Chess Club"]
[Date "2009.02.21"]
[Round "4"]
[White "BigW"]
[Black "civilization"]
[Result "1/2-1/2"]
[WhiteElo "1617"]
[BlackElo "1611"]
[Opening "Grünfeld: exchange, Spassky variation"]
[ECO "D87"]
[Time "16:03:23"]
[TimeControl "2700+45"]

1. d4 Nf6 2. c4 g6 3. Nc3 d5 4. cxd5 Nxd5 5. e4 Nxc3 6. bxc3 Bg7 7. Bc4 c5 8.
Ne2 O-O 9. Be3 Nc6 10. O-O Qc7 11. Rb1 Rd8 12. Bf4 e5 13. Bg5 Rd7 14. d5 Nd8 15.
Qa4 h6 16. Be3 Re7 17. Rbd1 Qd6 18. Qa3 b6 19. f4 Nb7 20. f5 Na5 21. Bb3 Ba6 22.
Rd2 Rc8 23. Kh1 Rf8 24. Rf3 Bc4 25. Qb2 Ba6 26. Qa3 Bc4 27. Ng3 Bb5 28. Qc1 g5
29. f6 Bxf6 30. Nf5 Nxb3 31. axb3 Qd7 32. Nxh6+ Kg7 33. Nf5+ Kg6 34. Nxe7+ Bxe7
35. Rdf2 f6 36. Rg3 Rh8 37. c4 {Game drawn by mutual agreement} 1/2-1/2

[Event "Team 45 45 League T40"]
[Site "Internet Chess Club"]
[Date "2009.02.23"]
[Round "4"]
[White "badmove"]
[Black "toukon"]
[Result "0-1"]
[WhiteElo "1576"]
[BlackElo "1433"]
[Opening "Sicilian: closed, 6.Be3"]
[ECO "B26"]
[Time "16:00:05"]
[TimeControl "2700+45"]

1. e4 c5 2. Nc3 Nc6 3. g3 g6 4. Bg2 Bg7 5. d3 d6 6. Be3 Rb8 7. Qd2 b5 8. Nge2
Nd4 9. O-O a6 10. Rab1 Bh3 11. f3 Bxg2 12. Kxg2 Qd7 13. Nd1 Nxe2 14. Qxe2 Nf6
15. Qd2 O-O 16. Bh6 Qe6 17. Bxg7 Kxg7 18. Ne3 Qxa2 19. c3 Qe6 20. Rbe1 Rfe8 21.
f4 Kg8 22. h3 a5 23. Re2 b4 24. Ref2 Rb7 25. f5 Qd7 26. fxg6 hxg6 27. Nd5 Nxd5
28. Rxf7 Nf6 29. R1xf6 exf6 30. Rxd7 Rxd7 31. Qh6 Rg7 32. Qf4 bxc3 33. bxc3 Re6
34. Qd2 Ra7 35. Qa2 Kf7 36. Qa4 Ree7 37. Kf3 Kg7 38. d4 cxd4 39. Qxd4 a4 40. Qc4
a3 41. Qa2 Reb7 42. Ke3 Rb2 43. Qa1 a2 44. Qxb2 a1=Q 45. Qxa1 Rxa1 46. Kd4 Ra5
47. g4 Kf7 48. h4 Ke6 49. c4 f5 50. exf5+ gxf5 51. g5 f4 52. Ke4 Ra4 53. Kxf4
Rxc4+ 54. Kg3 Kf7 55. h5 Kg7 56. Kf3 Rh4 57. h6+ Kg6 58. Ke3 Kxg5 59. Kd3 Rxh6
60. Ke4 Rh5 61. Kd5 Kf4+ 62. Kxd6 Ke4 63. Ke6 Rh6+ 64. Kd7 Kd5 65. Kc7 Rg6 66.
Kd8 Rg7 67. Ke8 Kd6 68. Kf8 Ra7 69. Ke8 Rb7 70. Kf8 Ke6 71. Kg8 Kf6 72. Kh8 Kg6
{White resigns} 0-1

[Event "Team 45 45 League T40"]
[Site "Internet Chess Club"]
[Date "2009.02.20"]
[Round "4"]
[White "Makaen"]
[Black "Mutaant"]
[Result "0-1"]
[WhiteElo "1497"]
[BlackElo "1444"]
[Opening "Bishop's opening: Classical variation"]
[ECO "C23"]
[Time "21:02:24"]
[TimeControl "2700+45"]

1. e4 e5 2. Bc4 Bc5 3. d3 Nc6 4. Nc3 Nf6 5. a3 d6 6. Na4 Bg4 7. Nf3 Nd7 8. Nxc5
Nxc5 9. b4 Ne6 10. O-O Ned4 11. c3 Nxf3+ 12. gxf3 Bh5 13. Re1 Qf6 14. Re3 Qg6+
15. Kf1 f5 16. exf5 Qxf5 17. Bd5 O-O-O 18. Ke2 Rhf8 19. Kd2 Ne7 20. Be4 Qf4 21.
c4 c6 22. Bb2 d5 23. cxd5 cxd5 24. Qc2+ Kb8 25. Bxh7 d4 26. Qc5 Nc6 27. Be4
dxe3+ 28. fxe3 Qxh2+ 29. Kc3 Bxf3 30. Bxc6 Bxc6 31. Kb3 Rxd3+ 32. Kc4 Qc2+ 33.
Bc3 Qxc3# {White checkmated} 0-1

[Event "Team 45 45 League T40"]
[Site "Internet Chess Club"]
[Date "2009.02.23"]
[Round "4"]
[White "vescovifan"]
[Black "Grenadier"]
[Result "1/2-1/2"]
[WhiteElo "1614"]
[BlackElo "1675"]
[Opening "Caro-Kann: Panov-Botvinnik attack"]
[ECO "B13"]
[Time "08:44:35"]
[TimeControl "2700+45"]

1. e4 c6 2. d4 d5 3. exd5 cxd5 4. c4 Nf6 5. Nc3 Bg4 6. Qb3 dxc4 7. Bxc4 e6 8.
Qxb7 Nbd7 9. Nge2 Bd6 10. Nb5 Bb4+ 11. Nec3 O-O 12. O-O a6 13. Na3 Qb6 14. Qxb6
Nxb6 15. Bd3 Bxa3 16. bxa3 Rfd8 17. Be3 Nbd5 18. Nxd5 Nxd5 19. Rab1 Bh5 20. Rb7
Bg6 21. Be2 Nc3 22. Bf3 Be4 23. Bxe4 Nxe4 24. Rc1 Nd6 25. Rb6 Nb5 26. Rcc6 Nxd4
27. Rd6 Rxd6 28. Rxd6 Nf5 29. Rc6 Nxe3 30. fxe3 h5 31. Kf1 Rb8 32. Rxa6 Rb2 33.
Ra8+ Kh7 34. a4 Rxa2 35. a5 g5 36. a6 h4 37. a7 g4 38. e4 Kg7 39. e5 Ra5 40. g3
h3 41. Kf2 Kh7 42. Kf1 Kg7 43. Kf2 Ra3 44. Ke2 Ra2+ 45. Ke3 Ra4 46. Kd3 Ra3+ 47.
Kc4 Ra2 48. Kc5 Rxh2 49. Rg8+ Kxg8 50. a8=Q+ Kg7 51. Qd8 Rc2+ 52. Kb4 h2 53.
Qf6+ Kf8 54. Qd8+ Kg7 55. Qf6+ Kf8 56. Qd8+ Kg7 57. Qf6+ Kf8 {Game drawn by
repetition} 1/2-1/2

[Event "Team 45 45 League T40"]
[Site "Internet Chess Club"]
[Date "2009.02.22"]
[Round "4"]
[White "GoIrish"]
[Black "Spady"]
[Result "0-1"]
[WhiteElo "1613"]
[BlackElo "1701"]
[Opening "Réti: King's Indian attack, Yugoslav variation"]
[ECO "A05"]
[Time "21:02:16"]
[TimeControl "2700+45"]

1. Nf3 Nf6 2. g3 d5 3. Bg2 c6 4. O-O Bg4 5. d3 Nbd7 6. Nbd2 e6 7. Qe1 Bd6 8. e4
dxe4 9. dxe4 Bxf3 10. Nxf3 Ne5 11. Nxe5 Bxe5 12. c3 O-O 13. f4 Bc7 14. Qe2 Bb6+
15. Kh1 Qe7 16. Be3 Bxe3 17. Qxe3 Rfd8 18. Rad1 Nd7 19. e5 Qc5 20. Rd4 Qa5 21.
Rfd1 Nf8 22. b4 Qb6 23. Kg1 Rxd4 24. Qxd4 Rd8 25. Qxb6 Rxd1+ 26. Kf2 axb6 27.
Ke2 Ra1 28. a4 Ra2+ 29. Kd3 Rxg2 {White resigns} 0-1

[Event "Team 45 45 League T40"]
[Site "Internet Chess Club"]
[Date "2009.02.22"]
[Round "4"]
[White "AngryPirate"]
[Black "fredd"]
[Result "0-1"]
[WhiteElo "1488"]
[BlackElo "1491"]
[Opening "King's gambit"]
[ECO "C30"]
[Time "23:05:18"]
[TimeControl "2700+45"]

1. e4 e5 2. f4 d6 3. Nf3 Bg4 4. Bc4 Nh6 5. d3 Nd7 6. h3 Bxf3 7. Qxf3 f6 8. f5 g6
9. Nc3 c6 10. Be6 Nc5 11. Bb3 Nxb3 12. axb3 b5 13. O-O Nf7 14. fxg6 hxg6 15.
Qxf6 Qxf6 16. Rxf6 g5 17. Rg6 Be7 18. Ra6 Kd7 19. Be3 Rh7 20. Ne2 Nh8 21. Rxg5
Bxg5 22. Bxg5 Kc7 23. Be3 Kb7 24. Ra5 a6 25. Ng3 Rg8 26. Nf5 Rg6 27. Kh2 Nf7 28.
Ne7 Re6 29. Nf5 d5 30. exd5 cxd5 31. c4 d4 32. Bd2 Nd6 33. Nxd6+ Rxd6 34. Ra1
Rf6 35. Bg5 Rf2 36. Kg1 Rxb2 37. cxb5 axb5 38. Bf6 Rxb3 39. Bxe5 Rxd3 40. Rb1
Kc6 {White resigns} 0-1

[Event "Team 45 45 League T40"]
[Site "Internet Chess Club"]
[Date "2009.02.20"]
[Round "4"]
[White "blitzisbest"]
[Black "FractalDante"]
[Result "0-1"]
[WhiteElo "1484"]
[BlackElo "1458"]
[Opening "Sicilian: Alapin's variation (2.c3)"]
[ECO "B22"]
[Time "15:00:21"]
[TimeControl "2700+45"]

1. e4 c5 2. c3 d5 3. exd5 Qxd5 4. d4 cxd4 5. cxd4 e5 6. Nc3 Qxd4 7. Qxd4 exd4 8.
Nb5 Bb4+ 9. Bd2 Bxd2+ 10. Kxd2 Na6 11. Nxd4 Nf6 12. Bb5+ Bd7 13. Ngf3 O-O 14.
Rhe1 Bxb5 15. Nxb5 Rfd8+ 16. Nbd4 Nd5 17. Re4 Nc5 18. Re5 f6 19. Rh5 Ne4+ 20.
Ke1 g6 21. Rh4 Re8 22. Kf1 Rac8 23. Re1 f5 24. Nb5 a6 25. Nc3 Ndxc3 26. bxc3 g5
27. Rh5 g4 28. Nh4 Nd2+ {White resigns} 0-1

[Event "Team 45 45 League T40"]
[Site "Internet Chess Club"]
[Date "2009.02.19"]
[Round "4"]
[White "Victorianum"]
[Black "RingLord"]
[Result "1/2-1/2"]
[WhiteElo "1698"]
[BlackElo "1597"]
[Opening "Sicilian: closed"]
[ECO "B25"]
[Time "14:01:44"]
[TimeControl "2700+45"]

1. e4 c5 2. Nc3 Nc6 3. g3 g6 4. Bg2 Bg7 5. d3 d6 6. Nge2 e6 7. O-O Nge7 8. f4
O-O 9. Be3 Nd4 10. Rb1 Rb8 11. Qd2 b5 12. Nd1 b4 13. c3 bxc3 14. Ndxc3 Qa5 15.
Nxd4 cxd4 16. Nd5 Qd8 17. Nxe7+ Qxe7 18. Bf2 Ba6 19. Rfc1 Rfc8 20. Bf1 Qb7 21.
b3 Qd7 22. Qa5 Qb5 23. Qd2 Rb6 24. Rxc8+ Bxc8 25. Rc1 Rc6 26. Rc4 e5 27. Qc2
Rxc4 28. Qxc4 Qxc4 29. dxc4 Bg4 30. Bd3 Bd1 31. fxe5 dxe5 32. c5 Kf8 33. Ba6 Ke7
34. Be1 Bh6 35. Ba5 Kd7 36. Bc4 Be3+ 37. Kf1 d3 38. Bxd3 Bxc5 39. Bb5+ Kd6 40.
Bd3 Bf3 41. Be1 Bd4 42. Bf2 Kc5 43. Be1 Be3 44. Bc3 f6 45. b4+ Kb6 46. Be1 Kb7
47. Bf2 Bd2 48. Bc5 Bg4 {Game drawn by mutual agreement} 1/2-1/2

[Event "Team 45 45 League T40"]
[Site "Internet Chess Club"]
[Date "2009.02.19"]
[Round "4"]
[White "BlunderJack"]
[Black "celebrat"]
[Result "1-0"]
[WhiteElo "1625"]
[BlackElo "1508"]
[Opening "French: advance, Paulsen attack"]
[ECO "C02"]
[Time "17:01:11"]
[TimeControl "2700+45"]

1. e4 e6 2. d4 d5 3. e5 c5 4. c3 Nc6 5. Nf3 h6 6. Bd3 Nge7 7. O-O Nf5 8. Be3 Be7
9. Qd2 Nxe3 10. fxe3 O-O 11. Na3 a6 12. Nc2 Qb6 13. a3 Na5 14. Rab1 Nb3 15. Qf2
f6 16. Qg3 c4 17. exf6 Rxf6 18. Be2 Bd6 19. Ne5 Rxf1+ 20. Rxf1 Bxe5 21. Qxe5 Qd8
22. Bh5 Qe7 23. Rf7 Qxf7 24. Bxf7+ Kxf7 25. Qc7+ Kg8 26. Ne1 Nd2 27. Nf3 Nxf3+
28. gxf3 Kf8 29. e4 dxe4 30. fxe4 Kg8 31. Qd8+ Kh7 32. d5 exd5 33. exd5 b5 34.
d6 Bb7 35. Qxa8 Bxa8 36. d7 {Black resigns} 1-0

[Event "Team 45 45 League T40"]
[Site "Internet Chess Club"]
[Date "2009.02.22"]
[Round "4"]
[White "forsyth"]
[Black "Bookkeeper"]
[Result "1-0"]
[WhiteElo "1549"]
[BlackElo "1630"]
[Opening "Caro-Kann: exchange, Rubinstein variation"]
[ECO "B13"]
[Time "14:04:05"]
[TimeControl "2700+45"]

1. e4 c6 2. d4 d5 3. exd5 cxd5 4. Bd3 Nc6 5. c3 Nf6 6. Bf4 Bg4 7. Qb3 Qb6 8.
Qxb6 axb6 9. Na3 e6 10. Nb5 Nh5 11. Be3 e5 12. Nc7+ Kd7 13. Nxa8 e4 14. Nxb6+
Kd8 15. Be2 {Black resigns} 1-0

[Event "Team 45 45 League T40"]
[Site "Internet Chess Club"]
[Date "2009.02.23"]
[Round "4"]
[White "dougmo"]
[Black "BarryNL"]
[Result "1-0"]
[WhiteElo "1540"]
[BlackElo "1438"]
[Opening "French: classical, Steinitz variation"]
[ECO "C14"]
[Time "14:00:50"]
[TimeControl "2700+45"]

1. e4 e6 2. d4 d5 3. Nc3 Nf6 4. Bg5 Be7 5. e5 Nfd7 6. Bxe7 Qxe7 7. f4 c5 8. Nb5
Qd8 9. Nd6+ Ke7 10. Qg4 g6 11. Nf3 Qg8 12. Ng5 f6 13. Ngf7 h5 14. Qf3 Rh7 15.
Nxc8+ Kxf7 16. Nd6+ Kg7 17. O-O-O cxd4 18. exf6+ Nxf6 19. Bd3 Qd8 20. Qg3 Qxd6
21. Qxg6+ Kh8 22. Qxf6+ Rg7 23. Rde1 Nd7 24. Qxd4 Kg8 25. g3 Qc5 26. Qxc5 Nxc5
27. Kd2 Rc8 28. Re5 h4 29. Rg5 Rxg5 30. fxg5 Nxd3 31. Kxd3 h3 32. Rf1 Rf8 33.
Rxf8+ Kxf8 34. Kd4 Kf7 35. Ke5 Kg6 36. Kxe6 Kxg5 37. Kxd5 Kg4 38. Ke4 b6 39. c4
a6 40. b4 Kg5 41. c5 bxc5 42. bxc5 Kf6 43. Kd5 Ke7 44. Kc6 Kd8 45. Kb7 {Black
resigns} 1-0

[Event "Team 45 45 League T40"]
[Site "Internet Chess Club"]
[Date "2009.02.23"]
[Round "4"]
[White "player12321"]
[Black "frank001"]
[Result "0-1"]
[WhiteElo "1925"]
[BlackElo "1963"]
[Opening "Queen's pawn game"]
[ECO "E10"]
[Time "23:03:39"]
[TimeControl "2700+45"]

1. d4 Nf6 2. Nf3 e6 3. c4 c5 4. e3 b6 5. Nc3 Bb7 6. d5 exd5 7. cxd5 d6 8. Bb5+
Nbd7 9. O-O a6 10. Bxd7+ Qxd7 11. a4 g6 12. e4 Bg7 13. Bf4 Nh5 14. Qd2 Nxf4 15.
Qxf4 O-O 16. Nd2 b5 17. Qe3 b4 18. Nd1 Rfe8 19. Qd3 a5 20. Nc4 Ba6 21. Nde3 Bxb2
22. Qc2 Bxa1 23. Rxa1 Qc7 24. Ng4 Qe7 25. f3 Bxc4 26. Qxc4 h5 27. Ne3 f5 28. Nc2
fxe4 29. Re1 Qh4 30. fxe4 Rf8 31. Qe2 Rae8 32. g3 Qf6 33. Kh1 Qf3+ 34. Qxf3 Rxf3
35. Kg2 Rc3 36. Re2 b3 {White resigns} 0-1

[Event "Team 45 45 League T40"]
[Site "Internet Chess Club"]
[Date "2009.02.21"]
[Round "4"]
[White "Intelectual"]
[Black "MeansToAnEnd"]
[Result "1-0"]
[WhiteElo "1892"]
[BlackElo "1105"]
[Opening "Pirc defense"]
[ECO "B07"]
[Time "10:03:39"]
[TimeControl "2700+45"]

1. e4 d6 2. d4 Nf6 3. Bd3 g6 4. f4 Bg7 5. Nf3 c5 6. c3 Nc6 7. O-O O-O 8. Kh1 Ng4
9. h3 Nh6 10. Be3 Qb6 11. d5 Na5 12. b4 Bd7 13. Qd2 e5 14. bxa5 Qxa5 15. fxe5
dxe5 16. Bxh6 Bxh6 17. Qxh6 {Black resigns} 1-0